 Dungeon Sprint DCSS version 0.28.0-53-g5a82cb258f (webtiles) character file.

Game seed: 18345579501326570030

2600000 Zeld the Intangible (level 21, -10/187 HPs)
             Began as a Djinni Monk on May 27, 2022.
             Was the Champion of Makhleb.
             Mangled by a destroyer
             ... wielding a +9 vorpal great sword
              (189 damage)
             ... in the Dungeon (Sprint VIII: "Arena of Blood").
             The game lasted 00:00:41 (26 turns).

Zeld the Intangible (Djinni Monk)                     Turns: 26, Time: 00:00:41

Health: -10/187    AC:  2    Str: 18    XL:     21   Next: 6%
Gold:   0          EV: 29    Int: 14    God:    Makhleb [******] SH:  0 Dex: 17

rFire   + + .      SeeInvis .   g - +∞ Axe of Woe
rCold   x . .      Faith    .   (shield currently unavailable)
rNeg    . . .      Spirit   .   a - +0 robe
rPois   ∞          Reflect  .   (no helmet)
rElec   .          Harm     .   (no cloak)
rCorr   .          Rampage  .   (no gloves)
Will    ++...      NoTele   +   (boots unavailable)
Stlth   ++........              (no amulet)
HPRegen 0.41/turn               (no ring)
MPRegen 0.00/turn               (no ring)

@: flying
A: sickness immunity, fire resistance 2, cold vulnerability 1, float, innate
caster, HP casting, extra vitality 1
a: Renounce Religion, Minor Destruction, Lesser Servant of Makhleb, Major
Destruction, Greater Servant of Makhleb


You were in the Dungeon.
You worshipped Makhleb.
Makhleb was exalted by your worship.
You visited 1 branch

Inventory:

Hand Weapons
 g - the +∞ Axe of Woe (weapon)
   (You found it in the Dungeon)
Armour
 a - a +0 robe (worn)
Scrolls
 f - a scroll of blinking
Potions
 b - a potion of curing
 c - a potion of heal wounds
 d - a potion of haste
 e - a potion of berserk rage


   Skills:
 O Level 27 Fighting
 + Level 8.2(9.8) Short Blades
 + Level 8.1(9.7) Long Blades
 O Level 27 Axes
 + Level 7.5(19.7) Maces & Flails
 + Level 7.5(19.7) Polearms
 + Level 7.8(10.8) Staves
 + Level 7.1(8.4) Slings
 + Level 6.5 Bows
 + Level 6.6 Crossbows
 + Level 6.8(8.2) Throwing
 + Level 8.0 Armour
 O Level 27 Dodging
 - Level 1.5 Stealth
 + Level 7.9 Shields
 - Level 3.0 Unarmed Combat
 O Level 27 Spellcasting
 O Level 27 Invocations
 + Level 8.3 Evocations


You had 27 spell levels left.
You knew the following spells:

 Your Spells              Type           Power      Damage    Failure   Level
a - Sandblast             Erth           100%       2d20      0%          1
b - Ensorcelled Hibernat  Hex/Ice        100%       N/A       0%          2
c - Conjure Flame         Conj/Fire      76%        6-21      0%          3
d - Vampiric Draining     Necr           76%        2d11      0%          3
e - Lightning Bolt        Conj/Air       38%        1d56      0%          5
f - Freezing Cloud        Conj/Ice/Air   38%        6-21      0%          5
g - Statue Form           Tmut/Erth      50%        N/A       0%          6
h - Monstrous Menagerie   Summ           38%        N/A       1%          7
i - Spellforged Servitor  Conj/Summ      38%        N/A       1%          7
j - Lehudib's Crystal Sp  Conj/Erth      38%        10d9      1%          8
Your spell library was empty.

Dungeon Overview and Level Annotations

Branches:
Dungeon (1/1)

Altars:
Makhleb


Innate Abilities, Weirdness & Mutations

You are immune to sickness and miasma.
You are immune to poison.
Your flesh is very heat resistant. (rF++)
You are vulnerable to cold. (rC-)
You float through the air rather than walking.
You learn spells naturally, not from books.
Your magical power is your life essence.
You have superior vitality. (+4 MHP)


Message History

The destroyer appears out of thin air!
A destroyer comes into view. It is wielding a +9 vorpal great sword.
The destroyer shouts!
You hear a shout! x6
Your base Short Blades skill gained 4 levels and is now at level 8!
Your base Long Blades skill gained 4 levels and is now at level 8!
Your base Maces & Flails skill gained 3 levels and is now at level 7!
Your base Polearms skill gained 3 levels and is now at level 7!
Your base Staves skill gained 3 levels and is now at level 7!
Your base Slings skill gained 3 levels and is now at level 7!
Your Bows skill gained 3 levels and is now at level 6!
Your Crossbows skill gained 3 levels and is now at level 6!
Your base Throwing skill gained 3 levels and is now at level 6!
Your Armour skill gained 5 levels and is now at level 8!
Your Shields skill gained 4 levels and is now at level 7!
Your Evocations skill gained 4 levels and is now at level 8!
You have reached level 21!
Your experience leads to an increase in your attributes!
Increase (S)trength, (I)ntelligence, or (D)exterity?
You feel stronger. x2
The power to cast Lehudib's Crystal Spear wells up from within.
Spell assigned to 'j'.
Casting: Lightning Bolt (safe; 0% risk of failure)
Confirm with . or Enter, or press ? or * to list all spells.
Aiming: Lehudib's Crystal Spear (mildly dangerous; 1% risk of failure)
Press: ? - help, Shift-Dir - straight line, f - large bag of meat
Aim: a large bag of meat, wielding a +9 giant spiked club and wearing a +100 ring of slaying (inner flame, 91% to hit)
The crystal spear hits the large bag of meat!!!
Flame seeps out of the large bag of meat.
The large bag of meat is lightly wounded.
You hear a shout! x3
A large bag of meat comes into view. It is wielding a +9 giant spiked club.
You hear a shout!
The large bag of meat is engulfed in blazing flames.
A bag of meat comes into view. It is wielding a +9 war axe.
You hear a shout!
The bag of meat closely misses you.
You hear a shout!
The destroyer hits you with a +9 vorpal great sword!!!!!
Ouch! That really hurt!
You die...

.. .. .. .. #.
.# #.. ..#
.###.. ..###.
......###......
......)_...O...
....#..)).#....
. #_V@o_# .
#.)O).#
.....○.....
.....o###o.....
.###.. ..###.
#O. ..# #.. ..#
.. ..


You could see a destroyer, 2 large bags of meat, a meat berserker (berserk) and
3 bags of meat.

Vanquished Creatures
  11 ogres (D)
  21 orcs (D)
32 creatures vanquished.

Notes
Turn   | Place    | Note
-------+----------+-------------------------------------------
     0 | D        | Found the +∞ Axe of Woe
     0 | D        | Zeld the Djinni Monk began the quest for the Orb.
     0 | D        | Reached XP level 1. HP: 20/20 MP: 0/0
     1 | D        | Noticed a bag of meat
     2 | D        | Noticed a bag of meat
     4 | D        | Became a worshipper of Makhleb the Destroyer
     4 | D        | Reached * piety under Makhleb
     4 | D        | Reached ** piety under Makhleb
     6 | D        | Killed a bag of meat
     7 | D        | Reached XP level 2. HP: 18/40 MP: 0/0
     7 | D        | Reached XP level 3. HP: 21/45 MP: 0/0
     7 | D        | Learned a level 1 spell: Sandblast
     7 | D        | Reached XP level 4. HP: 24/51 MP: 0/0
     7 | D        | Reached XP level 5. HP: 26/57 MP: 0/0
     7 | D        | Learned a level 2 spell: Ensorcelled Hibernation
     7 | D        | Reached XP level 6. HP: 29/63 MP: 0/0
     7 | D        | Reached XP level 7. HP: 32/68 MP: 0/0
     7 | D        | Learned a level 3 spell: Conjure Flame
     7 | D        | Reached XP level 8. HP: 35/75 MP: 0/0
     7 | D        | Reached XP level 9. HP: 37/80 MP: 0/0
     7 | D        | Learned a level 3 spell: Vampiric Draining
     7 | D        | Reached XP level 10. HP: 40/86 MP: 0/0
     7 | D        | Reached XP level 11. HP: 43/92 MP: 0/0
     7 | D        | Learned a level 5 spell: Lightning Bolt
     7 | D        | Noticed a bag of meat
     7 | D        | Noticed a bag of meat
     7 | D        | Noticed a bag of meat
     7 | D        | Noticed a bag of meat
     8 | D        | Noticed a bag of meat
     8 | D        | Noticed a meat berserker
     9 | D        | Noticed a meat berserker
     9 | D        | Noticed a bag of meat
    10 | D        | Noticed a meat berserker
    10 | D        | Noticed a bag of meat
    10 | D        | Noticed a bag of meat
    10 | D        | Noticed a meat berserker
    11 | D        | Noticed a meat berserker
    12 | D        | Killed a meat berserker
    12 | D        | Killed a meat berserker
    12 | D        | Killed a bag of meat
    12 | D        | Reached *** piety under Makhleb
    12 | D        | Noticed a bag of meat
    12 | D        | Noticed a bag of meat
    12 | D        | Noticed a meat berserker
    12 | D        | Noticed a bag of meat
    12 | D        | Noticed a bag of meat
    13 | D        | Reached XP level 12. HP: 108/111 MP: 0/0
    13 | D        | Reached XP level 13. HP: 113/116 MP: 0/0
    13 | D        | Learned a level 5 spell: Freezing Cloud
    13 | D        | Reached XP level 14. HP: 120/123 MP: 0/0
    13 | D        | Killed a meat berserker
    13 | D        | Killed a bag of meat
    13 | D        | Noticed a meat berserker
    14 | D        | Reached skill level 15 in Axes
    14 | D        | Reached XP level 15. HP: 129/132 MP: 0/0
    14 | D        | Learned a level 6 spell: Statue Form
    14 | D        | Reached **** piety under Makhleb
    15 | D        | Reached skill level 15 in Spellcasting
    15 | D        | Noticed a meat berserker
    15 | D        | Killed a meat berserker
    15 | D        | Reached ***** piety under Makhleb
    15 | D        | Killed a meat berserker
    15 | D        | Noticed a meat berserker
    16 | D        | Reached XP level 16. HP: 148/148 MP: 0/0
    16 | D        | Reached XP level 17. HP: 154/154 MP: 0/0
    16 | D        | Learned a level 7 spell: Monstrous Menagerie
    16 | D        | Noticed a meat berserker
    17 | D        | Noticed a meat berserker
    17 | D        | Killed a meat berserker
    17 | D        | Killed a meat berserker
    17 | D        | Reached ****** piety under Makhleb
    18 | D        | Reached skill level 27 in Dodging
    18 | D        | Reached XP level 18. HP: 166/166 MP: 0/0
    18 | D        | Killed a meat berserker
    19 | D        | Reached skill level 27 in Fighting
    19 | D        | Reached XP level 19. HP: 174/174 MP: 0/0
    19 | D        | Learned a level 7 spell: Spellforged Servitor
    19 | D        | Killed a meat berserker
    19 | D        | Killed a meat berserker
    20 | D        | Reached skill level 27 in Axes
    20 | D        | Reached skill level 27 in Invocations
    20 | D        | Killed a meat berserker
    21 | D        | Reached skill level 1 in Bows
    21 | D        | Reached skill level 1 in Crossbows
    21 | D        | Reached skill level 1 in Throwing
    21 | D        | Reached XP level 20. HP: 181/181 MP: 0/0
    23 | D        | Reached skill level 27 in Spellcasting
    23 | D        | Noticed a meat berserker
    24 | D        | Noticed a large bag of meat
    25 | D        | Noticed a destroyer
    26 | D        | Reached XP level 21. HP: 187/187 MP: 0/0
    26 | D        | Learned a level 8 spell: Lehudib's Crystal Spear
    26 | D        | Noticed a large bag of meat
    26 | D        | Mangled by a destroyer

Illustrated notes

Levels and vault maps discovered:
D:        meatsprint

Skill      XL: |  1  2  3  4  5  6  7  8  9 10 11 12 13 14 15 16 17 18 19 20 |
---------------+-------------------------------------------------------------+-----
Fighting       | 13 19 20 24 26 27 | 27.0
Axes           | 9 13 15 20 24 25 27 | 27.0
Dodging        | 13 19 21 24 27 | 27.0
Spellcasting   | 8 13 14 17 19 20 25 27 | 27.0
Invocations    | 11 16 18 22 24 25 27 | 27.0
Short Blades   | 2 8 |  8.2
Long Blades    | 2 8 |  8.1
Maces & Flails | 2 7 |  7.5
Polearms       | 2 7 |  7.5
Staves         | 2 7 |  7.8
Slings         | 2 7 |  7.1
Bows           | 1 6 |  6.5
Crossbows      | 1 6 |  6.6
Throwing       | 1 6 |  6.8
Armour         | 2 8 |  8.0
Shields        | 2 7 |  7.9
Evocations     | 2 8 |  8.3
Stealth        | |  1.5
Unarmed Combat | |  3.0

Action                   |  1- 3 |  4- 6 |  7- 9 | 10-12 | 13-15 | 16-18 | 19-21 || total
-------------------------+-------+-------+-------+-------+-------+-------+-------++-------
Melee: Executioner's axe |     1 |       |       |     1 |     3 |     3 |     4 ||    12
 Cast: Lightning Bolt    |       |       |       |     2 |       |       |       ||     2
       Lehudib's Crystal |       |       |       |       |       |       |     1 ||     1
Dodge: Dodged            |       |       |       |       |       |     1 |     2 ||     3
